Map: Inside and Out

Players

ИИ 1 (эксперт) - Winner!

  • Race: Terran Terran
  • Spawn Location: 1:00

Doll

  • Race: Zerg Zerg
  • Spawn Location: 7:00

VOD

Have the link to the VOD?

Description

Time

  • Played on: Sept. 10, 2022, 2:31 p.m.
  • Length: 12:07
Show
View Real Time Build Order
Export as new Build Order

ИИ 1 (эксперт) Terran - Winner!

Build Orders:  

Get SALT Encoding   

  12  0:00  SCV  
  13  0:13  SCV  
  14  0:18  Supply Depot  
  14  0:25  SCV  
  15  0:40  SCV  
  16  0:52  SCV  
  16  0:55  Refinery  
  17  0:58  Barracks  
  17  1:04  SCV  
  18  1:16  SCV  
  19  1:25  Command Center  
  19  1:34  Supply Depot  
  19  1:37  SCV  
  20  1:45  Marine  
  21  1:58  Factory  
  21  2:03  Marine  
  21  2:13  SCV  
  20  2:20  Marine  
  18  2:25  SCV  
  13  2:37  SCV  
  13  2:49  SCV  
  14  3:00  SCV  
  14  3:02  SCV  
  16  3:12  SCV  
  17  3:14  SCV  
  18  3:24  SCV  
  18  3:26  SCV  
  20  3:38  Orbital Command  
  20  3:41  Marine  
  20  3:46  SCV  
  22  3:59  Marine  
  22  4:02  Barracks  
  23  4:03  SCV  
  23  4:09  Refinery  
  24  4:11  SCV  
  25  4:17  Marine  
  25  4:22  SCV  
  25  4:23  Supply Depot  
  27  4:32  Orbital Command  
  27  4:35  Marine  
  27  4:37  SCV  
  29  4:48  Marine  
  29  4:49  SCV  
  31  4:52  Marine  
  31  4:57  SCV  
  33  5:02  SCV  
  33  5:06  Marine  
  35  5:09  SCV  
  35  5:10  Barracks Tech Lab  
  35  5:14  SCV  
  37  5:21  SCV, Barracks  
  37  5:24  Marine  
  37  5:26  SCV  
  40  5:29  Marauder  
  40  5:31  Stimpack  
  40  5:33  SCV  
  43  5:38  SCV  
  43  5:40  Starport  
  44  5:42  Barracks Reactor  
  44  5:48  Supply Depot  
  44  5:49  SCV  
  45  5:50  Marine, SCV  
  47  6:01  SCV  
  47  6:02  SCV  
  49  6:07  Marine  
  49  6:08  Barracks Tech Lab  
  50  6:13  SCV  
  50  6:14  Engineering Bay  
  50  6:17  Refinery  
  50  6:18  Medivac  
  53  6:19  Marine, SCV  
  53  6:20  Supply Depot  
  53  6:25  SCV  
  56  6:26  Marauder  
  58  6:33  Command Center  
  58  6:36  Marauder  
  60  6:41  Terran Infantry Weapons Level 1, SCV  
  60  6:42  SCV  
  62  6:47  Marauder  
  62  6:49  Supply Depot  
  62  6:53  Combat Shield  
  62  6:54  SCV  
  65  6:55  SCV  
  65  6:57  Marauder  
  68  7:04  Engineering Bay, Marine  
  68  7:05  Marine  
  70  7:10  Medivac  
  70  7:11  SCV, Marauder  
  70  7:14  SCV  
  76  7:18  Marine  
  76  7:19  Supply Depot  
  77  7:23  SCV  
  78  7:30  Terran Infantry Armor Level 1  
  78  7:37  Refinery  
  78  7:41  SCV x2, Concussive Shells, Marauder x2  
  78  7:43  Supply Depot  
  84  7:44  Marine  
  84  7:45  Missile Turret, SCV  
  84  7:51  Missile Turret  
  86  7:53  SCV  
  86  7:54  SCV  
  86  7:57  SCV  
  89  8:02  Marauder x2  
  89  8:05  SCV  
  94  8:06  SCV  
  94  8:10  SCV  
  94  8:11  Supply Depot  
  96  8:15  Missile Turret  
  96  8:17  Missile Turret, SCV  
  96  8:18  SCV  
  98  8:22  SCV  
  98  8:24  Marauder  
  98  8:26  Barracks  
  101  8:27  Marauder  
  101  8:28  Starport Reactor  
  101  8:29  SCV  
  101  8:30  SCV  
  105  8:34  SCV  
  105  8:36  Supply Depot  
  105  8:39  Marine  
  105  8:40  Marine  
  108  8:41  SCV  
  108  8:43  SCV  
  108  8:45  Marine  
  108  8:46  SCV  
  111  8:48  Marine  
  111  8:53  SCV  
  111  8:55  Hellion  
  100  8:56  SCV  
  100  8:57  Marine  
  100  8:58  Marine, SCV  
  100  9:02  Marine  
  88  9:04  Medivac, Viking  
  88  9:05  SCV  
  88  9:07  Marauder  
  88  9:08  SCV  
  97  9:10  Orbital Command  
  97  9:12  Marine  
  97  9:14  Marine  
  97  9:16  Marine  
  100  9:20  Marine, Missile Turret  
  101  9:27  Marine  
  101  9:28  Armory  
  101  9:30  Marine  
  103  9:32  Marine  
  103  9:34  Medivac, Marine, Viking  
  109  9:39  Marauder, Supply Depot  
  111  9:46  Missile Turret, Marauder  
  111  9:48  Marine  
  111  9:50  Marine  
  111  9:52  Marine  
  116  9:59  Factory  
  116  10:00  Marauder  
  116  10:01  Starport  
  116  10:02  Factory Tech Lab, Armory  
  116  10:03  Command Center  
  116  10:04  Viking  
  116  10:06  Marine, Supply Depot  
  121  10:07  Marauder  
  121  10:08  Marine  
  124  10:15  Viking  
  126  10:21  Marauder  
  126  10:28  Siege Tank  
  131  10:29  Supply Depot  
  131  10:34  Marauder, Viking  
  135  10:38  Starport Tech Lab  
  135  10:39  Refinery  
  135  10:43  Missile Turret  
  135  10:47  Refinery, Factory Tech Lab  
  135  10:51  Marauder, Viking  
  135  10:53  Supply Depot  
  135  10:55  Marauder  
  141  10:59  Raven  
  141  11:00  Siege Tank  
  141  11:01  Barracks  
  146  11:04  Fusion Core  
  146  11:06  Siege Tank  
  149  11:11  Marine  
  149  11:12  Marine  
  149  11:14  Marine  
  149  11:15  Marauder  
  149  11:16  Marine  
  134  11:19  Supply Depot  
  134  11:24  Refinery  
  120  11:29  Refinery, Marine x2  
  120  11:31  Marine  
  120  11:32  Siege Tank  
  118  11:34  Marine, Missile Turret  
  118  11:36  Marauder  
  118  11:38  Hellion  
  125  11:41  Missile Turret  
  125  11:47  Marine x2  
Show
View Real Time Build Order
Export as new Build Order

Doll Zerg 

Build Orders: Pool First 

Get SALT Encoding   

  12  0:19  Spawning Pool  
  11  0:27  Drone x2  
  13  0:36  Overlord  
  13  0:44  Drone  
  15  1:11  Zergling x6  
  17  1:25  Extractor  
  16  1:26  Hatchery  
  16  1:28  Drone  
  16  1:36  Queen  
  18  1:40  Drone  
  18  1:46  Drone  
  20  1:56  Drone  
  21  2:06  Drone  
  22  2:21  Overlord, Roach Warren  
  20  2:28  Drone  
  21  2:35  Metabolic Boost  
  20  2:38  Queen  
  20  2:43  Drone  
  23  2:47  Zergling x2  
  23  2:51  Zergling x2  
  24  2:54  Zergling x2  
  25  3:02  Roach  
  25  3:05  Roach  
  29  3:10  Roach  
  31  3:15  Roach  
  33  3:21  Overlord  
  33  3:32  Drone  
  34  3:36  Drone  
  34  3:39  Spine Crawler  
  34  3:41  Drone  
  35  3:46  Extractor, Drone  
  35  3:50  Drone  
  35  3:54  Drone  
  37  3:57  Drone  
  37  4:00  Drone  
  39  4:04  Drone  
  39  4:07  Drone  
  41  4:12  Overlord  
  41  4:16  Drone  
  42  4:19  Drone  
  42  4:22  Drone  
  44  4:28  Overlord  
  44  4:35  Lair  
  44  4:40  Drone x2  
  44  4:42  Drone  
  47  4:48  Drone x2  
  47  4:50  Drone  
  47  4:52  Drone  
  51  4:55  Drone  
  51  4:57  Drone  
  53  5:00  Drone  
  54  5:15  Drone  
  54  5:16  Drone  
  54  5:17  Hatchery, Drone  
  54  5:21  Overlord  
  56  5:22  Drone  
  56  5:24  Roach  
  59  5:34  Drone  
  59  5:35  Overlord  
  60  5:37  Overseer  
  60  5:38  Pneumatized Carapace  
  60  5:40  Overseer  
  60  5:41  Roach  
  60  5:42  Roach  
  64  5:43  Roach  
  64  5:46  Roach  
  64  5:49  Glial Reconstitution  
  68  5:57  Drone  
  68  5:59  Hydralisk Den, Drone  
  68  6:00  Drone  
  68  6:01  Roach  
  68  6:02  Overlord  
  72  6:07  Extractor  
  72  6:10  Drone x2  
  72  6:11  Extractor  
  72  6:15  Overlord, Roach  
  72  6:16  Roach  
  76  6:25  Drone  
  76  6:26  Roach  
  76  6:27  Queen  
  76  6:28  Infestation Pit  
  76  6:29  Drone  
  80  6:34  Hydralisk  
  80  6:39  Drone x2  
  84  6:40  Drone  
  84  6:45  Drone x2  
  84  6:46  Hydralisk  
  89  6:48  Spine Crawler  
  89  6:50  Drone  
  89  6:51  Drone  
  89  6:53  Drone  
  91  6:58  Overlord  
  91  7:03  Drone  
  91  7:04  Drone  
  91  7:06  Spire  
  93  7:08  Drone  
  93  7:09  Drone  
  93  7:10  Hydralisk  
  93  7:13  Overlord  
  96  7:17  Hydralisk  
  96  7:19  Hydralisk  
  96  7:22  Zergling x4  
  102  7:25  Overlord  
  102  7:31  Drone  
  102  7:33  Hydralisk  
  102  7:36  Hydralisk  
  107  7:44  Hive, Hatchery  
  107  7:45  Drone  
  107  7:48  Zergling x2  
  107  7:49  Zergling x4  
  107  7:50  Zergling x2  
  111  7:53  Queen  
  111  7:55  Overseer  
  111  7:57  Overseer  
  111  7:58  Hydralisk  
  113  8:00  Hydralisk  
  113  8:02  Zergling x2  
  118  8:06  Roach  
  118  8:07  Overlord  
  118  8:10  Overlord  
  120  8:15  Drone  
  121  8:20  Overlord  
  121  8:24  Overlord  
  121  8:26  Mutalisk x2  
  121  8:27  Mutalisk  
  125  8:28  Mutalisk  
  125  8:33  Extractor x2  
  127  8:34  Zergling x2  
  127  8:35  Drone x2  
  127  8:36  Drone x3  
  127  8:38  Drone  
  134  8:45  Overseer  
  134  8:46  Hatchery, Mutalisk  
  134  8:48  Zergling x2  
  135  8:55  Mutalisk  
  112  9:00  Overlord  
  112  9:02  Zergling x2  
  111  9:03  Zergling x2, Drone  
  111  9:04  Drone  
  111  9:05  Drone x2  
  116  9:13  Mutalisk  
  118  9:17  Adrenal Glands  
  118  9:22  Drone x4  
  118  9:23  Drone x3  
  125  9:27  Evolution Chamber  
  125  9:30  Queen  
  125  9:31  Spine Crawler, Queen  
  125  9:32  Overlord x2  
  125  9:34  Drone x3  
  125  9:35  Drone  
  131  9:39  Greater Spire  
  131  9:41  Hydralisk x2  
  131  9:45  Overseer  
  135  9:47  Drone  
  135  9:52  Ultralisk Cavern, Drone  
  136  9:53  Overlord  
  136  9:55  Overlord  
  136  9:56  Mutalisk  
  136  9:59  Mutalisk  
  140  10:16  Mutalisk x2  
  140  10:18  Zergling x12  
  140  10:19  Zergling x4  
  152  10:21  Zergling x2, Hatchery  
  152  10:22  Zergling x2  
  152  10:23  Mutalisk  
  152  10:26  Mutalisk  
  157  10:29  Overlord  
  157  10:30  Mutalisk  
  159  10:35  Mutalisk  
Tags
 
Matchup
ЗvТ
Opening
Pool First
Spawn Locations
Cross Positions
Add a new tag
Caveats
  • Supply blocks, unpowered buildings, or Contaminate may cause inaccurate times.
  • Supply counts are checked every 10 seconds.